 Dungeon Crawl Stone Soup version 0.30-a0-4-ga7cffc901d (webtiles) character file.

Game seed: 2185646153013194434

257 Setbun the Slicer (level 6, -16/35 HPs)
             Began as a Kobold Brigand on Aug 21, 2022.
             Killed by an exploding phantom (27 damage)
             ... ignited by their inner flame
             ... on level 4 of the Dungeon.
             The game lasted 00:02:57 (4237 turns).

Setbun the Slicer (Kobold Brigand)                  Turns: 4237, Time: 00:03:00

Health: -16/35     AC:  5    Str:  8    XL:     6   Next: 39%
Magic:  6/6        EV: 14    Int: 13    God:
Gold:   221        SH:  0    Dex: 24    Spells: 5/5 levels left

rFire   . . .      SeeInvis +    a - +2 dagger
rCold   . . .      Faith    .    (no shield)
rNeg    . . .      Spirit   .    b - +0 robe
rPois   .          Reflect  .    (no helmet)
rElec   .          Harm     .    c - +0 cloak
rCorr   .          Rampage  .    (no gloves)
Will    .....                    w - +1 pair of boots
Stlth   +++++.....               (no amulet)
HPRegen 0.11/turn                u - +6 ring of dexterity
MPRegen 0.10/turn                (no ring)

@: unable to read
A: small, no large weapons, nightstalker 3, see invisible, sense surroundings 1,
inability to read after injury 1
a: no special abilities


You were on level 4 of the Dungeon.
You visited 1 branch of the dungeon, and saw 4 of its levels.

You collected 221 gold pieces.

Inventory:

Hand Weapons
 a - a +2 dagger (weapon)
Missiles
 d - 17 poisoned darts (quivered)
 e - 3 curare-tipped darts
 g - 6 atropa-tipped darts
Armour
 b - a +0 robe (worn)
 c - a +0 cloak (worn)
 w - a +1 pair of boots (worn)
Jewellery
 s - a ring of protection from cold
 u - a +6 ring of dexterity (left hand)
Scrolls
 h - a scroll of immolation
 i - a scroll of enchant armour
 j - 2 scrolls of identify
 k - a scroll of poison
 n - a scroll of blinking {unknown}
 q - a scroll of amnesia {unknown}
 v - a scroll of teleportation {unknown}
 x - a scroll of fear {unknown}
 y - a scroll of summoning {unknown}


   Skills:
 - Level 2.1 Fighting
 * Level 8.3 Short Blades
 - Level 2.1 Throwing
 - Level 1.2 Dodging
 - Level 5.3 Stealth


You had 5 spell levels left.
You didn't know any spells.
Your spell library contained the following spells:

 Spells                   Type           Power      Damage    Failure   Level
 Foxfire                  Conj/Fire      0%         2x1d4     30%         1
 Conjure Flame            Conj/Fire      0%         6-21      67%         3
 Inner Flame              Hex/Fire       0%         N/A       67%         3
 Flame Wave               Conj/Fire      0%         2d4       97%         4


Dungeon Overview and Level Annotations

Branches:
Dungeon (4/15)
 Temple: D:4-7

Altars:
Gozag
Xom


Innate Abilities, Weirdness & Mutations

You are small and have problems with some larger weapons.
You are completely attuned to the shadows.
You have supernaturally acute eyesight. (SInv)
You passively map a small area around you.
You occasionally lose the ability to read scrolls when taking damage.


Message History

The gnoll attacks as you move away! The gnoll hits you with a +0 club.
The gnoll attacks as you move away! The gnoll closely misses you.
You feel better. The phantom misses you. The gnoll barely misses you.
As you read the scroll labelled UDWAMU SYELOS, it crumbles to dust.
You feel aware of your surroundings.
It was a scroll of magic mapping.
The phantom closely misses you. The gnoll closely misses you.
As you read the scroll labelled PUYXEZI HODI, it crumbles to dust.
The creatures around you are filled with an inner flame!
It was a scroll of immolation.
The phantom misses you. The gnoll barely misses you.
As you read the scroll labelled CAONUR IXTAMU, it crumbles to dust.
It is a scroll of enchant armour.
Your +0 pair of boots glows green for a moment.
The phantom hits you. The gnoll misses you.
As you read the scroll labelled ISINOD NYJOI, it crumbles to dust.
It is a scroll of identify.
k - a scroll of poison The phantom misses you.
The gnoll completely misses you.
This is a scroll of acquirement!
Something appears at your feet! The phantom hits you.
The gnoll hits you from afar with a +0 halberd!
You feel threatened and lose the ability to read scrolls!
You cannot read scrolls in your current state!
You aren't carrying any potions.
You hit the phantom.
Flame seeps out of the phantom.
The phantom is lightly damaged.
You puncture the phantom!
Flame seeps out of the phantom.
The phantom is moderately damaged.
The phantom is engulfed in blazing flames.
Flame seeps out of the phantom.
The phantom barely misses you. The gnoll misses you.
You hit the phantom.
Flame seeps out of the phantom.
The phantom is severely damaged.
You barely miss the phantom.
The phantom is severely damaged.
The phantom is engulfed in blazing flames.
The phantom explodes!
The fiery explosion engulfs you!!
Ouch! That really hurt!
You die...

#...####....# ######.#......##..
#..........######. #..####....#
#. #..#**#....######.
*******####.(#*,............
*,,,,,,......#*,#.#..######.
*,*****####.##*.#,*,,* #. *,*
#@#*#.#,*,,**####† *,*
#°##.#,,*,,,,..... *,*
#g#)#**,**,**##...
*,*****####gg## **,,,** #.##
*,*,,,,.......##*,***,* #.*#
******,*,***##......#.,,*****#**#
*,,,,,,,,,**#.........***,,,,,*,,
*,****,,,,,,.$........,,*,,*,,*,,
*,*********,..........*,*,,*,,*,,


You could see 3 gnolls.

Vanquished Creatures
  An ogre (D:4)
  A phantom (D:4)
  A scorpion (D:4)
  An orc wizard (D:3)
  An adder (D:2)
  A worm (D:3)
  3 dart slugs
  5 orcs
  9 ball pythons
  3 bats
  7 endoplasms
  2 giant cockroaches
  3 goblins
  9 hobgoblins
  4 quokkas
  2 frilled lizards
  2 kobolds
  7 rats
62 creatures vanquished.

Notes
Turn   | Place    | Note
-------+----------+-------------------------------------------
     0 | D:1      | Setbun the Kobold Brigand began the quest for the Orb.
     0 | D:1      | Reached XP level 1. HP: 12/12 MP: 1/1
    20 | D:1      | Reached skill level 3 in Short Blades
   188 | D:1      | Found a faded altar of an unknown god.
   274 | D:1      | Reached XP level 2. HP: 17/17 MP: 2/2
   454 | D:1      | Reached skill level 4 in Short Blades
   702 | D:1      | Reached XP level 3. HP: 21/21 MP: 3/3
  1237 | D:2      | Reached skill level 5 in Short Blades
  2099 | D:3      | Reached XP level 4. HP: 26/26 MP: 4/4
  2431 | D:3      | Reached skill level 6 in Short Blades
  2557 | D:3      | Found an opulent altar of Gozag.
  3584 | D:4      | Found a shimmering altar of Xom.
  3584 | D:4      | Found a shimmering altar of Xom.
  3586 | D:4      | Found a shimmering altar of Xom.
  3616 | D:4      | Reached XP level 5. HP: 29/30 MP: 5/5
  3714 | D:4      | Gained mutation: You occasionally lose the ability to read
                  | scrolls when taking damage. [potion of mutation]
  3714 | D:4      | Gained mutation: You passively map a small area around you.
                  | [potion of mutation]
  3714 | D:4      | Gained mutation: You have supernaturally acute eyesight.
                  | (SInv) [potion of mutation]
  3714 | D:4      | HP: 2/45 [poisoned by a scorpion]
  3732 | D:4      | Reached skill level 7 in Short Blades
  3734 | D:4      | HP: 1/30 [poisoned by a scorpion]
  4214 | D:4      | Noticed an ogre
  4216 | D:4      | Killed an ogre
  4217 | D:4      | Reached skill level 8 in Short Blades
  4217 | D:4      | Reached XP level 6. HP: 35/35 MP: 6/6
  4233 | D:4      | Identified a scroll of acquirement
  4233 | D:4      | Acquired the ring of Xiazxar {EV+4 Dex+2 SInv}
  4237 | D:4      | Killed by an exploding phantom... ignited by their inner
                  | flame

Illustrated notes

Levels and vault maps discovered:
D:1:      psy_arrival_whirlpool, layout_basic,
          shapermc_ecumenical_altar_starsandcircs,
          hangedman_abyss_or_decor_lesser_grid, nrook_mini_vaults, fountainhead
D:2:      layout_basic
D:3:      layout_basic, mainiacjoe_overflow_tiny_flanked
D:4:      minmay_angry_zag, layout_loops_ring, xom_redecorated, dk_vineyard_1,
          uniq_ijyb

Skill      XL: |  1  2  3  4  5 |
---------------+----------------+-----
Short Blades   | 3 4 5 6 8 |  8.3
Fighting       | |  2.1
Throwing       | |  2.1
Dodging        | |  1.2
Stealth        | |  5.3

Action                   |  1- 3 |  4- 6 || total
-------------------------+-------+-------++-------
Melee: Dagger            |    64 |    92 ||   156
       Punch             |       |     1 ||     1
  Use: Potion            |       |     7 ||     7
       Scroll            |       |     5 ||     5
 Stab: Sleeping          |    25 |    15 ||    40
Armor: Robe              |     5 |     7 ||    12
       Skin              |       |    16 ||    16
Dodge: Dodged            |    22 |    42 ||    64

Table legend: (Time is in decaauts)
 A = Elapsed time spent in this place.
 B = Non-inter-level travel time spent in this place.
 C = Inter-level travel time spent in this place.
 D = Time resting spent in this place.
 E = Time spent auto-exploring this place.
 F = Levels seen in this place.
 G = Mean time per level.
                   A        B        C        D        E       F      G
               +--------+--------+--------+--------+--------+-----+--------+
         Total |   4196 |   4028 |    168 |    289 |   3358 |   4 | 1049.0 |
       Dungeon |   4196 |   4028 |    168 |    289 |   3358 |   4 | 1049.0 |
               +--------+--------+--------+--------+--------+-----+--------+

Top non-repeatable levels by time:
     D:3: 1521 daAuts
     D:2: 1034 daAuts
     D:1: 1000 daAuts
     D:4: 640 daAuts
